 Dungeon Crawl Stone Soup version 0.30.1-11-g7821555f0a (webtiles) character file.

Game seed: 6006512392656780682

113 SacredBeard the Vexing (level 4, 0/25 HPs)
             Began as a Deep Elf Hexslinger on Oct 30, 2023.
             Slain by a phantom (6 damage)
             ... on level 3 of the Dungeon.
             The game lasted 00:06:26 (2341 turns).

SacredBeard the Vexing (Deep Elf Hexslinger)        Turns: 2341, Time: 00:06:27

Health: 0/25       AC:  6    Str:  7    XL:     4   Next: 65%
Magic:  17/19      EV: 12    Int: 24    God:
Gold:   183        SH:  0    Dex: 17    Spells: 7/8 levels left

rFire   + . .        g - +0 short sword (venom)
rCold   + . .        (no shield)
rNeg    . . .        w - +0 leather armour
rPois   +            e - +2 hat
rElec   +            (no cloak)
rCorr   +            x - +0 pair of gloves
SInv    .            (no boots)
Will    .....        (no amulet)
Stlth   +            i - +6 ring of intelligence
HPRegen 0.24/turn    y - ring of magical power
MPRegen 0.16/turn

%: no passive effects
@: resistant
A: no striking features
a: no special abilities


You were on level 3 of the Dungeon.
You visited 1 branch of the dungeon, and saw 4 of its levels.

You collected 183 gold pieces.

Inventory:

Hand Weapons
 a - a +1 sling
 g - a +0 short sword of venom (weapon)
Armour
 e - a +2 hat (worn)
 w - a +0 leather armour (worn)
 x - a +0 pair of gloves (worn)
Jewellery
 c - a ring of fire
 i - a +6 ring of intelligence (left hand)
 y - a ring of magical power (right hand)
Scrolls
 b - a scroll of poison
 d - 4 scrolls of teleportation {unknown}
 h - a scroll of fear {unknown}
 j - 3 scrolls of identify {unknown}
 k - a scroll of enchant armour {unknown}
 l - a scroll of noise {unknown}
 m - a scroll of magic mapping {unknown}
 u - a scroll of fog {unknown}
Potions
 f - a potion of magic {unknown}
 n - a potion of flight {unknown}
 o - a potion of attraction {unknown}
 p - a potion of might {unknown}
 q - a potion of resistance
 r - a potion of haste {unknown}
 s - a potion of lignification
 v - a potion of berserk rage {unknown}
 z - a potion of heal wounds {unknown}


   Skills:
 - Level 1.0 Fighting
 * Level 4.5 Ranged Weapons
 - Level 1.0 Armour
 + Level 3.3 Dodging
 + Level 2.7 Spellcasting
 + Level 4.5 Hexes


You had 7 spell levels left.
You knew the following spells:

 Your Spells              Type           Power      Damage    Failure   Level
a - Slow                  Hex            100%       N/A       2%          1

Your spell library contained the following spells:

 Spells                   Type           Power      Damage    Failure   Level
 Inner Flame              Hex/Fire       14%        N/A       19%         3
 Portal Projectile        Hex/Tloc       28%        N/A       19%         3
 Cause Fear               Hex            12%        N/A       24%         4


Dungeon Overview and Level Annotations

Branches:
Dungeon (4/15) Zot: 21612
 Temple: D:4-7

Altars:

Annotations:
D:4 Natasha


Message History

Aiming: Slow (safe; 1% risk of failure)
Press: ? - help, Shift-Dir - straight line, f/p - phantom
Aim: a phantom (almost destroyed, chance to affect: 38%)
The phantom resists with some effort.
The phantom hits you but does no damage.
Casting: Slow (safe; 1% risk of failure)
Confirm with . or Enter, or press ? or * to list all spells.
Aiming: Slow (safe; 1% risk of failure)
Press: ? - help, Shift-Dir - straight line, f/p - phantom
Aim: a phantom (almost destroyed, chance to affect: 38%)
The phantom seems to slow down.
The phantom hits you but does no damage.
You hit the phantom but do no damage.
The phantom is almost destroyed.
The phantom hits you but does no damage.
You closely miss the phantom.
The phantom is almost destroyed.
The phantom hits you.
* * * LOW HITPOINT WARNING * * *
You closely miss the phantom.
The phantom is severely damaged.
You hit the phantom but do no damage.
The phantom is severely damaged.
The phantom hits you but does no damage.
You barely miss the phantom.
The phantom is severely damaged.
The phantom hits you but does no damage.
You miss the phantom.
The phantom is severely damaged.
You feel less wooden.
Your +2 hat unmelds from your body.
Your +0 pair of gloves unmelds from your body.
Your +0 leather armour unmelds from your body.
You closely miss the phantom.
The phantom is severely damaged.
The phantom hits you.
* * * LOW HITPOINT WARNING * * *
The phantom blinks!
You blink.
You feel better. The phantom hits you.
You die...

......# #.#.##.##.#
......# #.#.##.##.#
......# #.#.##.##.#
......###.#.##.##.#
......'[....##'##'#####
......##..............#
......'.............>.#
......##..............#
......##........@.....#
....####........W.....#
##### #..............#
...# #..............#
...# #.....ยงยง.......#
...# ################
...# ####


You could see a phantom (slow).

Vanquished Creatures
  2 adders
  2 worms (D:2)
  2 dart slugs
  2 orcs (D:3)
  10 ball pythons
  4 bats
  7 endoplasms
  4 giant cockroaches
  6 goblins
  8 hobgoblins
  8 jackals
  3 kobolds
  4 quokkas
  7 frilled lizards
  7 rats
76 creatures vanquished.

Notes
Turn   | Place    | Note
-------+----------+-------------------------------------------
     0 | D:1      | SacredBeard the Deep Elf Hexslinger began the quest for the
                  | Orb.
     0 | D:1      | Reached XP level 1. HP: 11/11 MP: 5/5
    88 | D:1      | Reached XP level 2. HP: 11/16 MP: 6/6
   236 | D:1      | Reached skill level 1 in Fighting
   642 | D:2      | Reached XP level 3. HP: 20/20 MP: 8/8
  1111 | D:2      | Reached skill level 1 in Armour
  1111 | D:2      | Reached XP level 4. HP: 13/25 MP: 9/9
  1173 | D:2      | Found a faded altar of an unknown god.
  2221 | D:4      | Noticed Natasha
  2266 | D:4      | Noticed a phantom
  2340 | D:3      | HP: 1/25 [phantom (5)]
  2341 | D:3      | Slain by a phantom

Illustrated notes

Levels and vault maps discovered:
D:1:      dpeg_arrival_renting, layout_basic
D:2:      layout_basic, ebering_ecumenical_altar_mist
D:3:      layout_basic
D:4:      layout_cave_pools, gammafunk_temple_overflow_wave, serial_bayou,
          serial_bayou_pond_c, serial_bayou_shore_b, serial_bayou_pond_d,
          serial_bayou_pond_d, serial_bayou_shore_a, uniq_eustachio,
          uniq_natasha, uniq_ijyb

Skill      XL: |  1  2  3 |
---------------+----------+-----
Ranged Weapons | 3 4 |  4.5
Fighting       | 1 |  1.0
Spellcasting   | 2 |  2.7
Dodging        | 3 |  3.3
Armour         | 1 |  1.0
Hexes          | |  4.5

Action                     |  1- 3 |  4- 6 || total
---------------------------+-------+-------++-------
  Melee: Short sword       |    21 |    70 ||    91
         Punch             |       |     1 ||     1
   Fire: Sling             |   148 |    92 ||   240
   Cast: Slow              |       |     4 ||     4
    Use: Potion            |       |     4 ||     4
 Armour: Robe              |    30 |     9 ||    39
         Skin              |       |    23 ||    23
         Leather armour    |       |    11 ||    11
  Dodge: Dodged            |    65 |    51 ||   116
